 Dungeon Crawl Stone Soup version 0.29.0-11-gd7f09526c8 (webtiles) character file.

Game seed: 7236126378158740614

1 soylentgreeen202 the Sneak (level 1, -1/21 HPs)
             Began as a Naga Delver on Sept 4, 2022.
             Slain by an iguana (5 damage)
             ... on level 4 of the Dungeon.
             The game lasted 00:00:57 (116 turns).

soylentgreeen202 the Sneak (Naga Delver)             Turns: 116, Time: 00:00:57

Health: -1/21      AC:  1    Str: 14    XL:     1   Next: 20%
Magic:  1/1        EV:  9    Int: 10    God:
Gold:   0          SH:  0    Dex: 12    Spells: 0/0 levels left

rFire   . . .      SeeInvis +   a - +0 short sword
rCold   . . .      Faith    .   (no shield)
rNeg    . . .      Spirit   .   b - +0 leather armour
rPois   +          Reflect  .   (no helmet)
rElec   .          Harm     .   (no cloak)
rCorr   .          Rampage  .   (no gloves)
Will    .....                   (no barding)
Stlth   +.........              (no amulet)
HPRegen 0.07/turn               (no ring)
MPRegen 0.07/turn               (no ring)

@: confused, very slow
A: AC +0, large, see invisible, deformed body, poison resistance, slowness 2,
spit poison 1, naga tail 1
a: Spit Poison


You were on level 4 of the Dungeon.
You visited 1 branch of the dungeon, and saw 2 of its levels.

Inventory:

Hand Weapons
 a - a +0 short sword (weapon)
Armour
 b - a +0 leather armour (worn)
Wands
 g - a wand of digging (3)
Scrolls
 d - a scroll of magic mapping
 e - a scroll of fear
 h - a scroll of identify {unknown}
Potions
 f - a potion of haste


   Skills:
 - Level 3.0 Fighting
 + Level 2.1 Short Blades
 - Level 1.5 Dodging
 - Level 7.2 Stealth


You couldn't memorise any spells.
You didn't know any spells.
Your spell library was empty.

Dungeon Overview and Level Annotations

Branches:
Dungeon (5/15)
 Temple: D:4-7

Altars:

Annotations:
D:4 Sigmund
D:5 Edmund


Innate Abilities, Weirdness & Mutations

Your serpentine skin is tough. (AC +0)
You have supernaturally acute eyesight. (SInv)
Armour fits poorly on your strangely shaped body.
Your system is resistant to poisons. (rPois)
You cover ground very slowly.
You can spit poison.
You have a snake-like lower body.


Message History

The worm moves out of view.
An adder comes into view.
There is a stone staircase leading up here.
The quokka bites you. The quokka barely misses you.
You climb upwards.
There is a stone staircase leading down here.
You hit the quokka but do no damage. The quokka bites you.
You hit the quokka.
The quokka is heavily wounded.
The quokka bites you.
You hit the quokka but do no damage.
The quokka is heavily wounded.
The quokka closely misses you.
You hit the quokka.
You kill the quokka!
You see here a quokka corpse.
You start resting.
HP restored.
There is a stone staircase leading down here.
Sigmund the Dreaded comes into view.
He is wielding a +0 scythe.
An iguana comes into view.
A worm comes into view.
Sigmund shouts!
As you read the scroll of fog, it crumbles to dust.
The scroll dissolves into smoke.
Sigmund hits you from afar with a +0 scythe.
Found a scroll of magic mapping.
The iguana bites you!
Ouch! That really hurt!
Sigmund gestures at you while chanting.
You are confused.
You closely miss the iguana. The iguana bites you.
* * * LOW HITPOINT WARNING * * *
Sigmund closely misses you. The worm bites you but does no damage.
You bump into the rock wall.
The iguana closely misses you.
You bump into the rock wall.
The iguana barely misses you.
Sigmund points at you and mumbles some strange words.
You resist with significant effort. The worm bites you.
* * * LOW HITPOINT WARNING * * *
You hit Sigmund but do no damage. The iguana bites you.
You die...

#................
#......##..#####..
#.†>...##........#
#......###.#######
######## #.#
##§..## #.#
#..§§§####.#
.###.§§l§§§...#
?....§@@§######
.####§w§## #§###
... .## .. .


You could see Sigmund, a worm and an iguana.

Vanquished Creatures
  A quokka (D:4)
1 creature vanquished.

Notes
Turn   | Place    | Note
-------+----------+-------------------------------------------
     0 | D:5      | soylentgreeen202 the Naga Delver began the quest for the
                  | Orb.
     0 | D:5      | Reached XP level 1. HP: 21/21 MP: 1/1
     7 | D:5      | Noticed Edmund
    12 | D:5      | Noticed a howler monkey
   107 | D:4      | Noticed Sigmund
   108 | D:4      | Noticed an iguana
   116 | D:4      | Slain by an iguana

Illustrated notes

Levels and vault maps discovered:
D:4:      layout_loops_cross, gammafunk_temple_overflow_claw,
          mainiacjoe_overflow_chevrons, mainiacjoe_overflow_alcove_1,
          hangedman_decor_lopped, minmay_cupped, uniq_sigmund, uniq_robin,
          uniq_natasha, uniq_grinder, uniq_pikel
D:5:      layout_cave_pools, pf_just_have_faith, nicolae_wormholes,
          uniq_menkaure, uniq_edmund

Action                   || total
-------------------------++-------
Melee: Short sword       ||     6
  Use: Scroll            ||     1
Armor: Leather armour    ||     1
Dodge: Dodged            ||     5
